 Dungeon Crawl Stone Soup version 0.30-a0-782-ge64f9170bb (webtiles) character file.

Game seed: 16732311703092923887

40 Opabinia the Chopper (level 3, -6/23 HPs)
             Began as a Tengu Berserker on Mar 2, 2023.
             Was a Follower of Trog.
             Killed from afar by Robin (17 damage)
             ... with a bolt of light
             ... on level 2 of the Dungeon.
             The game lasted 00:09:17 (1109 turns).

Opabinia the Chopper (Tengu Berserker)              Turns: 1109, Time: 00:09:17

Health: -6/23      AC:  3    Str: 19    XL:     3   Next: 50%
Magic:  4/4        EV: 12    Int:  7    God:    Trog [*.....]
Gold:   58         SH:  0    Dex: 13    Spells: 2/2 levels left

rFire   + + .      SeeInvis .    l - +1 war axe of Mayhem {venom, *Noise rElec rF++ Stlth+}
rCold   . . .      Faith    .    (no shield)
rNeg    . . .      Spirit   .    b - +0 animal skin
rPois   .          Reflect  .    (helmet restricted)
rElec   +          Harm     .    (no cloak)
rCorr   .          Rampage  .    d - +0 pair of gloves
Will    .....                    (boots unavailable)
Stlth   ++                       (no amulet)
HPRegen 0.23/turn                (no ring)
MPRegen 0.09/turn                (no ring)

@: confused
A: beak, talons 3
a: Renounce Religion, Berserk


You were on level 2 of the Dungeon.
You worshipped Trog.
Trog was aware of your devotion.
You visited 1 branch of the dungeon, and saw 2 of its levels.

You collected 58 gold pieces.

Inventory:

Hand Weapons
 e - a +2 dagger of freezing
 l - the +1 war axe of Mayhem (weapon) {venom, *Noise rElec rF++ Stlth+}
   (You found it on level 2 of the Dungeon)

   rF:        It greatly protects you from fire.
   rElec:     It insulates you from electricity.
   *Noise:    It may make noises in combat.
   Stlth:     It makes you more stealthy.
Missiles
 k - a stone
Armour
 b - a +0 animal skin (worn)
 d - a +0 pair of gloves (worn)
Jewellery
 i - a ring of resist corrosion
Scrolls
 c - 2 scrolls of identify {unknown}
 f - a scroll of vulnerability {unknown}
 h - a scroll of amnesia {unknown}
Potions
 g - a potion of brilliance {unknown}
 j - a potion of resistance {unknown}


   Skills:
 + Level 3.6 Fighting
 + Level 3.8 Axes
 + Level 2.2 Armour
 + Level 2.7 Dodging
 + Level 0.3 Stealth


You had 2 spell levels left.
You didn't know any spells.
Your spell library contained the following spells:

 Spells                   Type           Power      Damage    Failure   Level
 Slow                     Hex            0%         N/A       43%         1
 Confusing Touch          Hex            0%         N/A       80%         3
 Vampiric Draining        Necr           0%         2d6       80%         3


Dungeon Overview and Level Annotations

Branches:
Dungeon (2/15)

Altars:

Annotations:
D:2 Robin


Innate Abilities, Weirdness & Mutations

You have a beak for a mouth.
You have claws for feet.


Message History

Trog accepts your kill.
A rat comes into view.
The ball python bites you. The ball python barely misses you.
Things that are here:
a +0 hand axe; a +0 ring mail; an orc corpse You hit the ball python.
You kill the ball python!
Trog accepts your kill.
Items here: )) ? [[ †.
You see here 11 gold pieces.
The rat bites you.
You slash the rat!
You kill the rat!
Trog accepts your kill.
Robin of the Strong Arm comes into view.
They are wielding a +0 club and carrying a wand of light (7).
Robin is nearby!
A hobgoblin comes into view.
Robin roars a battlecry!
The hobgoblin goes into a battle-frenzy!
A goblin comes into view. It is wielding a +0 club.
A goblin comes into view. It is wielding a +0 club.
You see here a rat corpse.
The goblin shouts!
A goblin comes into view. It is wielding a +0 dagger.
Robin roars a battlecry!
The goblin goes into a battle-frenzy!
Robin throws the goblin at you!
You slash the goblin!
You kill the goblin!
Trog accepts your kill.
You closely miss the hobgoblin. The hobgoblin hits you.
The hobgoblin attacks as you move away!
The hobgoblin hits you but does no damage.
You slash the hobgoblin!
You kill the hobgoblin!
Trog accepts your kill.
Robin zaps a wand.
The bolt of light hits you!
You are confused.
Ouch! That really hurt!
You die...

#.......#..### #
#....gg†..$..#####..
#.....))g..........
#.......#.†#.##..#
#######.####...g.....##
...................###
##......######....## .
###.###.## ####g..#...#
#...###.######..@).....>.
..##...........####..##..
)###)...######## ..... ##
###### #########......
###########.<............
##...)......#########....
...########## #..# ####


You could see Robin.

Vanquished Creatures
  3 dart slugs
  4 orcs (D:2)
  4 bats
  2 endoplasms (D:1)
  A giant cockroach (D:2)
  4 goblins
  3 hobgoblins
  A kobold (D:1)
  2 ball pythons
  A frilled lizard (D:2)
  4 rats
29 creatures vanquished.

Notes
Turn   | Place    | Note
-------+----------+-------------------------------------------
     0 | D:1      | Opabinia the Tengu Berserker began the quest for the Orb.
     0 | D:1      | Reached XP level 1. HP: 14/14 MP: 2/2
   151 | D:1      | Reached XP level 2. HP: 19/19 MP: 3/3
  1027 | D:2      | Identified the +1 war axe of Mayhem {venom, *Noise rElec
                  | rF++ Stlth+}
  1080 | D:2      | Reached XP level 3. HP: 23/23 MP: 4/4
  1094 | D:2      | Noticed Robin
  1109 | D:2      | Killed from afar by Robin

Illustrated notes

Levels and vault maps discovered:
D:1:      dpeg_arrival_boxorama, layout_loops_cross, glass_columns_c
D:2:      layout_rooms, uniq_robin

Action                     || total
---------------------------++-------
  Melee: Hand axe          ||     6
         Dagger            ||    23
         Kick              ||     9
         Peck              ||     4
         War axe           ||    13
   Stab: Sleeping          ||     2
 Armour: Animal skin       ||     9
  Dodge: Dodged            ||    22

Table legend: (Time is in decaauts)
 A = Elapsed time spent in this place.
 B = Non-inter-level travel time spent in this place.
 C = Inter-level travel time spent in this place.
 D = Time resting spent in this place.
 E = Time spent auto-exploring this place.
 F = Levels seen in this place.
 G = Mean time per level.
                   A        B        C        D        E       F      G
               +--------+--------+--------+--------+--------+-----+--------+
         Total |   1112 |   1112 |      0 |    131 |    695 |   2 |  556.0 |
       Dungeon |   1112 |   1112 |      0 |    131 |    695 |   2 |  556.0 |
               +--------+--------+--------+--------+--------+-----+--------+

Top non-repeatable levels by time:
     D:1: 975 daAuts
     D:2: 137 daAuts
